 Dungeon Crawl Stone Soup version 0.30.0-29-ga12c61a403 (webtiles) character file.

Game seed: 7955880150572837022

137 qw the Chopper (level 5, -9/32 HPs)
             Began as a Gargoyle Fighter on June 2, 2023.
             Mangled by an ogre
             ... wielding a +0 giant spiked club
              (24 damage)
             ... on level 3 of the Dungeon.
             The game lasted 00:01:06 (1863 turns).

qw the Chopper (Gargoyle Fighter)                   Turns: 1863, Time: 00:01:07

Health: -9/32      AC: 16    Str: 22    XL:     5   Next: 20%
Magic:  5/5        EV:  8    Int:  8    God:
Gold:   96         SH:  4    Dex:  9    Spells: 4/4 levels left

rFire   . . .        Y - +0 war axe
rCold   . . .        c - +0 buckler
rNeg    + . .        h - +0 chain mail
rPois   inf          (no helmet)
rElec   +            e - +2 cloak
rCorr   .            (no gloves)
SInv    .            (no boots)
Will    .....        (no amulet) Stlth
                     (no ring)
HPRegen 0.25/turn    (no ring)
MPRegen 0.09/turn

%: no passive effects
@: no status effects
A: sickness immunity, AC +4, negative energy resistance 1, electricity
resistance, torment resistance 1, petrification resistance
a: no special abilities


You were on level 3 of the Dungeon.
You visited 1 branch of the dungeon, and saw 3 of its levels.

You collected 96 gold pieces.


Innate Abilities, Weirdness & Mutations

You are immune to sickness and miasma.
Your stone body is resilient. (AC +4)
You are immune to poison.
You resist negative energy. (rN+)
You are resistant to electric shocks. (rElec)
You are resistant to unholy torment.
You are immune to petrification.


   Skills:
 - Level 3.2 Fighting
 + Level 4.5 Axes
 - Level 1.2 Throwing
 - Level 3.2 Armour
 - Level 3.2 Shields


You had 4 spell levels left.
You didn't know any spells.
Your spell library was empty.

Inventory:

Hand Weapons
 i - a +0 mace
 Y - a +0 war axe (weapon)
Armour
 c - a +0 buckler (worn)
 e - a +2 cloak (worn)
 h - a +0 chain mail (worn)
Scrolls
 a - a scroll of fear {unknown}
 g - a scroll of vulnerability {unknown}
 m - a scroll of identify
Potions
 b - a potion of lignification {unknown}
 d - 2 potions of might
 f - a potion of haste {unknown}
 k - a potion of curing

Dungeon Overview and Level Annotations

Branches:
Dungeon (3/15)

Altars:


Message History

The jackal barely misses you.
You slash the jackal!
You kill the jackal!
You start resting.
A jackal comes into view.
1841 ||| Stepping ~*~*~tactically~*~*~ (stealth).
1842 ||| Stepping ~*~*~tactically~*~*~ (stealth).
You start resting.
HP restored.
A bat comes into view.
Things that are here:
a +0 dagger; a +0 mace; an orc corpse You throw a javelin.
The javelin barely misses the bat.
You closely miss the bat. The bat hits you but does no damage.
The bat hits you but does no damage.
A rat comes into view.
You hit the bat.
You kill the bat!
An ogre comes into view. It is wielding a +0 giant spiked club.
You hit the rat.
You kill the rat!
You slash the ogre!
The ogre is moderately wounded.
The ogre hits you but does no damage.
You hit the ogre.
The ogre is moderately wounded.
The ogre hits you with a +0 giant spiked club.
You hit the ogre.
The ogre is heavily wounded.
The ogre hits you but does no damage.
You hit the ogre.
The ogre is heavily wounded.
The ogre hits you with a +0 giant spiked club!
Ouch! That really hurt!
You slash the ogre!
The ogre is almost dead.
The ogre hits you with a +0 giant spiked club!!
Ouch! That really hurt!
You die...

#.. ... #.# ..### #.# #
#...# #.##.# ..#.#
##.... #.#.# ###..#
#(####.#%#####....#
##....%O#.......##.#
......)@..########.#
.#.####.#.# #####.#####
#.#..# #.........#
##.##.###.........#
...##.............# ##
#
#####.................#
. .##
#.........###.........#
# ..# #.........#
#......%..# # #.#
#.........# #.........#


You could see an ogre.

Vanquished Creatures
  A hound (D:3)
  2 adders (D:2)
  2 worms (D:2)
  A dart slug (D:1)
  5 orcs
  8 ball pythons
  3 endoplasms
  6 giant cockroaches
  8 hobgoblins
  6 jackals
  7 kobolds
  3 quokkas
  10 bats
  2 frilled lizards
  4 goblins
  2 rats
70 creatures vanquished.

Notes
Turn   | Place    | Note
-------+----------+-------------------------------------------
     0 | D:1      | qw the Gargoyle Fighter began the quest for the Orb.
     0 | D:1      | Reached XP level 1. HP: 14/14 MP: 1/1
     0 | D:1      | 0 ||| qw: Version: 0.2-a-102-gdf20003
     0 | D:1      | 0 ||| qw: Game counter: 890
     0 | D:1      | 0 ||| qw: Always use a shield: true
     0 | D:1      | 0 ||| qw: God list: Okawaru
     0 | D:1      | 0 ||| qw: Allow faded altars: false
     0 | D:1      | 0 ||| qw: Do Orc after D:15 true
     0 | D:1      | 0 ||| qw: Do second Lair branch before Depths: true
     0 | D:1      | 0 ||| qw: Lair rune preference: random
     0 | D:1      | 0 ||| qw: Plans: Normal, Zot:1-4, Slime:5, God:TSO, Crypt,
                  | Tomb, Pan, Hells, Abyss, Win
     0 | D:1      | 0 ||| PLANNING D:1-11
    64 | D:1      | Reached skill level 2 in Axes
    99 | D:1      | 99 ||| Stepping ~*~*~tactically~*~*~ (hiding).
   110 | D:1      | Found a faded altar of an unknown god.
   112 | D:1      | Reached XP level 2. HP: 7/19 MP: 2/2
   340 | D:1      | Reached skill level 3 in Axes
   465 | D:1      | Reached XP level 3. HP: 23/23 MP: 3/3
   467 | D:1      | 467 ||| Stepping ~*~*~tactically~*~*~ (stealth).
   472 | D:1      | 472 ||| Stepping ~*~*~tactically~*~*~ (stealth).
   474 | D:1      | 474 ||| Stepping ~*~*~tactically~*~*~ (stealth).
   479 | D:1      | 479 ||| Stepping ~*~*~tactically~*~*~ (hiding).
   634 | D:1      | 634 ||| DROPPING +0 club.
   935 | D:1      | 935 ||| UPGRADING to +0 chain mail.
   945 | D:1      | 945 ||| DROPPING +0 scale mail.
   946 | D:1      | 946 ||| READING scroll labelled IFAIPE DOT WYLL.
   947 | D:1      | 947 ||| READING scroll labelled TIUF PASSOS.
   948 | D:1      | 948 ||| READING scroll labelled DAETRI QEUNK.
  1161 | D:2      | Reached skill level 1 in Throwing
  1248 | D:2      | Reached XP level 4. HP: 28/28 MP: 4/4
  1342 | D:2      | 1342 ||| Stepping ~*~*~tactically~*~*~ (hiding).
  1344 | D:2      | 1344 ||| Stepping ~*~*~tactically~*~*~ (hiding).
  1345 | D:2      | 1345 ||| Stepping ~*~*~tactically~*~*~ (hiding).
  1346 | D:2      | 1346 ||| Stepping ~*~*~tactically~*~*~ (hiding).
  1663 | D:2      | 1663 ||| UPGRADING to +2 cloak.
  1668 | D:2      | 1668 ||| READING scroll labelled QUVIDATUQA.
  1669 | D:2      | 1669 ||| READING scroll labelled CUITAM LE BIM.
  1672 | D:2      | 1672 ||| READING scroll labelled TUOQAD TAK QUT.
  1673 | D:2      | 1673 ||| DRINKING 2 fizzy white potions.
  1685 | D:3      | Reached skill level 4 in Axes
  1688 | D:3      | 1688 ||| STAIRDANCE
  1695 | D:2      | Reached XP level 5. HP: 32/32 MP: 5/5
  1718 | D:3      | 1718 ||| Stepping ~*~*~tactically~*~*~ (stealth).
  1818 | D:3      | 1818 ||| Stepping ~*~*~tactically~*~*~ (stealth).
  1820 | D:3      | 1820 ||| Stepping ~*~*~tactically~*~*~ (hiding).
  1841 | D:3      | 1841 ||| Stepping ~*~*~tactically~*~*~ (stealth).
  1842 | D:3      | 1842 ||| Stepping ~*~*~tactically~*~*~ (stealth).
  1852 | D:3      | Noticed an ogre
  1863 | D:3      | Mangled by an ogre

Levels and vault maps discovered:
D:1:      reono_arrival_mine, layout_loops_ring,
          dreamdust_ecumenical_altar_grove, minmay_crystal_room,
          minmay_hexomino_f4
D:2:      layout_basic
D:3:      layout_rooms

Skill      XL: |  1  2  3  4 |
---------------+-------------+-----
Axes           | 2 3 4 |  4.5
Throwing       | 1 |  1.2
Fighting       | |  3.2
Armour         | |  3.2
Shields        | |  3.2

Action                     |  1- 3 |  4- 6 || total
---------------------------+-------+-------++-------
  Melee: War axe           |    80 |    96 ||   176
  Throw: Javelin           |    24 |     8 ||    32
    Use: Scroll            |     3 |     3 ||     6
         Potion            |       |     1 ||     1
 Armour: Scale mail        |    26 |       ||    26
         Chain mail        |     5 |    73 ||    78
  Dodge: Dodged            |    25 |    37 ||    62
  Block: Buckler           |    20 |    23 ||    43

Table legend:
 A = Non-vault XP
 B = Vault XP
 C = Vault XP percentage of total XP
 D = Non-vault monster count
 E = Vault monster count
 F = Vault count percentage of total count
                 A         B        C        D         E       F
            +---------+---------+-------+---------+---------+-------
      Total |     192 |       5 |   2.5 |      67 |       3 |   4.3
            +---------+---------+-------+---------+---------+-------
        D:1 |      43 |       5 |  10.4 |      26 |       3 |  10.3
        D:2 |      74 |       0 |   0.0 |      25 |       0 |   0.0
        D:3 |      75 |       0 |   0.0 |      16 |       0 |   0.0
            +---------+---------+-------+---------+---------+-------
